 Dungeon Crawl Stone Soup version 0.23.2-11-gf996548c65 (webtiles) character file.

Game seed: 16128833836383774143

4402 qwiff the Martial Artist (level 10, 0/63 HPs)
             Began as an Octopode Transmuter on June 4, 2019.
             Was an Elder of Okawaru.
             Slain by a shadow (12 damage)
             ... on level 9 of the Dungeon.
             The game lasted 00:33:38 (11993 turns).

qwiff the Martial Artist (Octopode Transmuter)     Turns: 11993, Time: 00:33:39

Health: 0/63       AC:  1    Str:  9    XL:     10   Next: 35%
Magic:  17/19      EV: 14    Int: 16    God:    Okawaru [****..]
Gold:   504        SH:  0    Dex: 16    Spells: 9/21 levels left

rFire    . . .     SeeInvis .   t - +0 dagger (venom)
rCold    . . .     Gourm    .   (no shield)
rNeg     . . .     Faith    .   (helmet restricted)
rPois    .         Spirit   .   m - amulet of regeneration
rElec    .         Reflect  .   x - ring of resist corrosion
rCorr    +         Harm     .   (no ring)
MR       .....                  (no ring)
Stlth    +++.......             (no ring)
HPRegen  0.60/turn              (no ring)
MPRegen  0.16/turn              (no ring)
                                (no ring)
                                (no ring)

@: very slightly contaminated
A: almost no armour, stealthy swim, amphibious, 8 rings, constrict 8, camouflage
1, mutation resistance 1, gelatinous body 1
a: Heroism, Renounce Religion


You were on level 9 of the Dungeon.
You worshipped Okawaru.
Okawaru was greatly pleased with you.
You were not hungry.

You visited 2 branches of the dungeon, and saw 10 of its levels.

You collected 504 gold pieces.

Inventory:

Hand Weapons
 t - a +0 dagger of venom (weapon)
 v - a +3 spear of venom
Missiles
 a - 123 arrows
Armour
 k - a +1 buckler
Jewellery
 m - an amulet of regeneration (around mantle)
 s - an uncursed ring of ice
 x - a ring of resist corrosion (left tentacle)
 z - an uncursed amulet of magic regeneration
Wands
 j - a wand of digging (4)
 l - a wand of flame (24)
 o - a wand of paralysis (6)
Scrolls
 d - a scroll of magic mapping
 e - 8 scrolls of remove curse
 h - a scroll of random uselessness {unknown}
 p - a scroll of enchant armour
 q - 3 scrolls of immolation
 r - 2 scrolls of noise
 u - a scroll of enchant weapon {unknown}
 w - 2 scrolls of fog {unknown}
 y - 2 scrolls of teleportation {unknown}
 C - a scroll of blinking {unknown}
Potions
 b - a potion of haste
 f - 4 potions of ambrosia
 g - 2 potions of curing
 i - 3 potions of brilliance
 n - a potion of might
 A - a potion of flight {unknown}
 D - a potion of heal wounds
Comestibles
 c - 13 rations
 B - 16 chunks of flesh


   Skills:
 * Level 3.7 Fighting
 - Level 0.4 Short Blades
 - Level 2.0 Dodging
 - Level 0.8 Stealth
 * Level 9.4 Unarmed Combat
 - Level 6.4 Spellcasting
 - Level 2.7 Hexes
 + Level 5.3 Transmutations
 * Level 3.5 Ice Magic
 - Level 4.3 Poison Magic
 * Level 3.9 Invocations
 + Level 0.1 Evocations


You had 9 spell levels left.
You knew the following spells:

 Your Spells              Type           Power        Failure   Level  Hunger
a - Beastly Appendage     Tmut           ###...       1%          1    None
b - Sticks to Snakes      Tmut           ###.....     2%          2    None
c - Spider Form           Tmut/Pois      ###.......   5%          3    ##.....
d - Confusing Touch       Hex            ##....       4%          1    None
e - Ice Form              Ice/Tmut       ###.....     21%         4    ####...
f - Apportation           Tloc           #.....       13%         1    None

Your spell library contained the following spells:

 Spells                   Type           Power        Failure   Level  Hunger
 Animate Skeleton         Necr           N/A          13%         1    None
 Summon Small Mammal      Summ           #...         13%         1    None
 Confuse                  Hex            ##......     13%         3    ##.....
 Gell's Gravitas          Tloc           #.........   36%         3    ##.....
 Blade Hands              Tmut           ###.......   38%         5    #####..
 Petrify                  Tmut/Erth      ##......     41%         4    ####...
 Yara's Violent Unravell  Hex/Tmut       ###.......   56%         5    #####..
 Metabolic Englaciation   Hex/Ice        ###.......   69%         5    #####..


Dungeon Overview and Level Annotations

Branches:
Dungeon (9/15)             Temple (1/1) D:4            Lair (0/6) D:8
    Orc: D:9-12

Altars:
Dithmenos
Elyvilon
Fedhas
Okawaru
Sif Muna
Uskayaw
Vehumet
Wu Jian
Xom
Zin
The Shining One

Shops:
D:6 *

Annotations:
D:3 exclusion: downstairs
D:5 exclusion: downstairs
D:7 exclusion: downstairs
D:8 2 transporters, dvd's ghost, novice DEFE
D:9 exclusion: door


Innate Abilities, Weirdness & Mutations

You cannot wear most types of armour.
You are very stealthy in the water. (Stealth+)
You are amphibious.
You can wear up to eight rings at the same time.
You can use your tentacles to constrict eight enemies at once.
Your skin changes colour to match your surroundings (Stealth+).
Your rubbery body absorbs attacks. (AC +1, EV +1)
You are somewhat resistant to further mutation.


Message History

The shadow completely misses you.
You barely miss the shadow.
The shadow is almost destroyed.
The shadow slips into darkness.
The shadow flickers and vanishes!
Deactivating autopickup; reactivate with Ctrl-A.
You barely miss something.
The shadow strikes at you from the darkness!
Reactivating autopickup.
You hit the shadow but do no damage.
The shadow is almost destroyed.
The shadow hits you.
You closely miss the shadow.
The shadow is almost destroyed.
The shadow hits you!
* * * LOW HITPOINT WARNING * * *
You hit the shadow.
The shadow is almost destroyed.
The shadow hits you!
You die...

#####+##### ##§§§..##
#.# ###...## #.#
#.....# #<# #.#####
######.##### ##'######
#..........# #.......#
#..........###.......#
#..........#.'.......#
#........@W#.#.......#
#..........#.#.......#
#...........÷#.......+
#..........###.......#
############ #########


You could see a shadow.

Vanquished Creatures
  Grinder (D:6)
  Sigmund (D:4)
  5 yaks (D:9)
  2 wyverns (D:8)
  An orc warrior (D:5)
  A sky beast (D:6)
  2 ogres (D:4)
  A centaur (D:5)
  6 crocodiles (D:8)
  A big kobold (D:8)
  2 bullfrogs
  3 scorpions
  4 killer bees (D:7)
  2 howler monkeys (D:8)
  5 crimson imps
  A bullfrog zombie (D:8)
  A jelly (D:6)
  6 hounds
  4 orc priests
  3 gnoll shamans (D:5)
  A bullfrog skeleton (D:8)
  2 iguanas (D:7)
  8 orc wizards
  2 worker ants
  A hound skeleton (D:7)
  A worker ant zombie (D:6)
  31 gnolls
  3 howler monkey skeletons
  6 adders
  2 shadow imps
  3 oozes
  An adder skeleton (D:9)
  A worm (D:2)
  5 dart slugs
  2 leopard geckos
  29 orcs
  4 giant cockroaches
  5 goblins
  6 hobgoblins
  33 jackals
  14 kobolds
  4 quokkas
  A ball python (D:1)
  10 bats
  5 frilled lizards
  A leopard gecko skeleton (D:5)
  A leopard gecko zombie (D:6)
  11 rats
245 creatures vanquished.

Vanquished Creatures (others)
  A jelly (D:8)
  A kobold (D:8)
  A quokka (D:6)
3 creatures vanquished.

Grand Total: 248 creatures vanquished

Notes
Turn   | Place    | Note
-------+----------+-------------------------------------------
     0 | D:1      | qwiff the Octopode Transmuter began the quest for the Orb.
     0 | D:1      | Reached XP level 1. HP: 13/13 MP: 3/3
   200 | D:1      | Reached XP level 2. HP: 16/18 MP: 5/5
   512 | D:1      | Learned a level 2 spell: Sticks to Snakes
  1171 | D:1      | Reached XP level 3. HP: 23/23 MP: 6/6
  1177 | D:1      | Learned a level 3 spell: Spider Form
  1963 | D:2      | Reached XP level 4. HP: 28/28 MP: 7/7
  1984 | D:2      | Reached skill level 1 in Poison Magic
  2485 | D:3      | Reached skill level 4 in Unarmed Combat
  2613 | D:3      | Reached XP level 5. HP: 24/33 MP: 4/8
  2939 | D:3      | Found a glowing silver altar of Zin.
  2939 | D:3      | Noticed an angel
  3000 | D:3      | Found a shimmering altar of Xom.
  3910 | D:4      | Noticed Sigmund
  3931 | D:4      | Killed Sigmund
  3931 | D:4      | Reached skill level 5 in Unarmed Combat
  3931 | D:4      | Reached XP level 6. HP: 18/38 MP: 6/10
  4199 | D:4      | Found a staircase to the Ecumenical Temple.
  4208 | Temple   | Entered the Ecumenical Temple
  4229 | Temple   | Became a worshipper of Warmaster Okawaru
  4232 | Temple   | Learned a level 1 spell: Confusing Touch
  4303 | D:4      | Noticed a phantom
  4325 | D:4      | Reached XP level 7. HP: 28/44 MP: 9/11
  4607 | D:5      | Entered Level 5 of the Dungeon
  4646 | D:5      | Reached skill level 6 in Unarmed Combat
  5073 | D:5      | Found a deep blue altar of Sif Muna.
  5838 | D:5      | Reached skill level 1 in Hexes
  6362 | D:5      | Reached XP level 8. HP: 28/50 MP: 13/13
  6554 | D:5      | Reached * piety under Okawaru
  6583 | D:5      | Found a glowing golden altar of the Shining One.
  7558 | D:5      | Reached skill level 7 in Unarmed Combat
  8051 | D:5      | Learned a level 4 spell: Ice Form
  8129 | D:6      | HP: 2/51 [worker ant (6)]
  8519 | D:6      | Noticed Grinder
  8546 | D:6      | Killed Grinder
  8546 | D:6      | Reached ** piety under Okawaru
  8546 | D:6      | Reached skill level 1 in Ice Magic
  8546 | D:6      | Reached skill level 1 in Invocations
  8713 | D:6      | Reached skill level 5 in Spellcasting
  8739 | D:6      | Reached XP level 9. HP: 29/55 MP: 16/16
  9048 | D:6      | Found a white marble altar of Elyvilon.
  9300 | D:6      | Found Ixolas's General Store.
 10024 | D:7      | Found a shadowy altar of Dithmenos.
 10247 | D:8      | Reached skill level 5 in Transmutations
 10255 | D:8      | Reached *** piety under Okawaru
 10300 | D:8      | Found a blossoming altar of Fedhas.
 10334 | D:8      | Found a radiant altar of Vehumet.
 10349 | D:8      | Reached skill level 8 in Unarmed Combat
 10593 | D:8      | Found a transporter.
 10598 | D:8      | Noticed a two-headed ogre
 10949 | D:8      | Noticed dvd's ghost (novice DEFE)
 10951 | D:8      | Noticed a moth of wrath
 10956 | D:8      | Learned a level 1 spell: Apportation
 10965 | D:8      | Found a transporter.
 11255 | D:8      | Reached XP level 10. HP: 17/63 MP: 11/19
 11565 | D:8      | Found a staircase to the Lair.
 11726 | D:9      | Found a shadowy altar of Dithmenos.
 11754 | D:9      | Reached **** piety under Okawaru
 11807 | D:9      | Gained mutation: You are somewhat resistant to further
                  | mutation. [potion of mutation]
 11834 | D:9      | Reached skill level 9 in Unarmed Combat
 11993 | D:9      | Slain by a shadow

Skill      XL: |  1  2  3  4  5  6  7  8  9 10 |
---------------+-------------------------------+-----
Poison Magic   | 1 2 3 4 |  4.3
Unarmed Combat | 4 5 6 7 8 9 |  9.4
Transmutations | 3 4 5 |  5.3
Spellcasting   | 3 5 6 |  6.4
Hexes          | 1 2 |  2.7
Fighting       | 2 3 |  3.7
Ice Magic      | 1 3 |  3.5
Invocations    | 1 3 |  3.9
Short Blades   | |  0.4
Dodging        | |  2.0
Stealth        | |  0.8
Evocations     | |  0.1

Action                   |  1- 3 |  4- 6 |  7- 9 | 10-12 || total
-------------------------+-------+-------+-------+-------++-------
Melee: Unarmed           |   110 |   102 |   180 |    68 ||   460
       Constrict         |    30 |    22 |    81 |     4 ||   137
       Tentacles         |    13 |    16 |    66 |     4 ||    99
       Kick              |     6 |     4 |    50 |     5 ||    65
       Punch             |       |     1 |    20 |     4 ||    25
       Dagger            |       |       |   272 |    30 ||   302
 Cast: Beastly Appendage |     8 |     4 |    25 |     2 ||    39
       Spider Form       |       |     4 |     8 |       ||    12
       Sticks to Snakes  |       |     1 |     3 |       ||     4
       Confusing Touch   |       |       |    11 |     5 ||    16
       Ice Form          |       |       |     6 |     5 ||    11
Invok: Heroism           |       |       |     5 |     2 ||     7
Evoke: Wand              |       |       |     5 |       ||     5
  Use: Potion            |       |       |     2 |     1 ||     3
       Scroll            |       |       |    12 |       ||    12
 Stab: Sleeping          |    10 |     8 |     7 |     3 ||    28
       Distracted        |       |     1 |     1 |       ||     2
       Paralysed         |       |       |     6 |       ||     6
       Confused          |       |       |     2 |     1 ||     3
  Eat: Chunk             |     3 |     7 |    26 |     3 ||    39
Armor: Skin              |    10 |     8 |    44 |     8 ||    70
Dodge: Dodged            |    87 |    67 |   296 |    37 ||   487
